Map: Terraform LE (Void)

Players

SticklerMac - Winner!

  • Race: Zerg Zerg

TikTak

  • Race: Terran Terran
  • League: Grandmaster

VOD

Have the link to the VOD?

Description

Time

  • Played on: Aug. 6, 2015, 6:53 p.m.
  • Length: 5:12
Show
View Real Time Build Order
Export as new Build Order

SticklerMac Zerg - Winner!

Build Orders: Hatch First 

Get SALT Encoding   

  12  0:01  Drone  
  13  0:09  Drone  
  14  0:16  Overlord  
  14  0:35  Drone x3  
  17  0:55  Hatchery  
  16  1:00  Drone x2  
  18  1:11  Drone  
  19  1:18  Spawning Pool  
  19  1:21  Drone  
  19  1:29  Drone  
  19  1:30  Extractor  
  19  1:41  Drone  
  20  1:50  Drone  
  21  2:02  Drone  
  21  2:06  Queen  
  21  2:07  Queen  
  26  2:09  Zergling x2  
  26  2:13  Overlord  
  27  2:26  Zergling x2  
  28  2:41  Zergling x8  
  28  2:43  Metabolic Boost  
  32  2:53  Zergling x4  
  32  2:54  Baneling Nest  
  32  3:14  Overlord x3  
  32  3:33  Zergling x18  
  41  3:38  Zergling x2  
  42  3:51  Baneling x3  
  42  3:52  Baneling x3  
  42  3:54  Zergling x2, Baneling  
  42  3:55  Zergling x6  
  46  4:01  Zergling x4  
  48  4:05  Zergling x2  
  48  4:06  Zergling x2  
  46  4:29  Zergling x2  
  46  4:30  Zergling x2  
  46  4:31  Zergling x8  
  47  4:39  Zergling x8  
  47  4:44  Zergling x4  
Show
View Real Time Build Order
Export as new Build Order

TikTak Terran 

Build Orders: Cyclone Opening 

Get SALT Encoding   

  12  0:01  SCV  
  13  0:13  SCV  
  14  0:20  Supply Depot  
  14  0:25  SCV  
  15  0:32  Refinery  
  15  0:42  SCV  
  16  0:46  Barracks  
  16  0:54  SCV  
  17  1:06  SCV  
  18  1:12  Refinery  
  19  1:18  SCV  
  19  1:24  Supply Depot  
  19  1:34  Orbital Command  
  19  1:35  Marine  
  20  1:45  Factory  
  20  1:59  Barracks Tech Lab  
  20  2:02  SCV  
  21  2:14  SCV  
  22  2:30  SCV  
  23  2:41  Cyclone  
  26  2:46  SCV, Starport  
  27  2:58  SCV  
  28  2:59  Supply Depot  
  28  3:14  Siege Tank  
  31  3:20  SCV  
  31  3:21  Command Center  
  31  3:22  Medivac  
  34  3:32  SCV  
  35  3:36  Supply Depot  
  35  3:44  SCV  
  35  3:46  Barracks Reactor  
  36  3:52  Siege Tank  
  39  3:57  SCV  
  40  4:04  Supply Depot  
  40  4:06  Medivac  
  43  4:10  SCV  
  43  4:15  Barracks  
  42  4:28  SCV  
  20  4:40  SCV  
Tags
 
Add a new tag
Caveats
  • Supply blocks, unpowered buildings, or Contaminate may cause inaccurate times.
  • Supply counts are checked every 10 seconds.